 Dungeon Crawl Stone Soup version 0.31-a0-1147-g46bab52692 (webtiles) character file.

Game seed: 11191235833993940783

574 MacCMillion the Chopper (level 7, 0/57 HPs)
             Began as a Ghoul Fighter on Dec 7, 2023.
             Killed from afar by Ijyb (13 damage)
             ... with a puff of flame
             ... on level 5 of the Dungeon.
             The game lasted 00:06:31 (4119 turns).

MacCMillion the Chopper (Ghoul Fighter)             Turns: 4119, Time: 00:06:31

Health: 0/57       AC: 11    Str: 22    XL:     7   Next: 34%
Magic:  6/6        EV:  6    Int:  7    God:
Gold:   138        SH:  4    Dex:  8    Spells: 6/6 levels left

rFire   . . .        a - +0 war axe
rCold   + . .        c - +0 buckler
rNeg    + + +        u - +0 plate armour
rPois   ∞            (no helmet)
rElec   .            (no cloak)
rCorr   .            (no gloves)
SInv    .            (no boots)
Will    .....        (no amulet) Stlth
                     (no ring)
HPRegen 0.00/turn    (no ring)
MPRegen 0.10/turn

%: no passive effects
@: inhibited regen
A: claws 1, cold resistance 1, negative energy resistance 3, inhibited
regeneration, torment resistance 2, devour on kill
a: no special abilities


You were on level 5 of the Dungeon.
You visited 1 branch of the dungeon, and saw 5 of its levels.
You also visited: Sewer.

You collected 138 gold pieces.

Inventory:

Hand Weapons
 a - a +0 war axe (weapon)
Missiles
 b - 17 poisoned darts
 m - 8 boomerangs
 t - 3 javelins
Armour
 c - a +0 buckler (worn)
 u - a +0 plate armour (worn)
Wands
 o - a wand of polymorph (9)
 x - a wand of mindburst (8)
 B - a wand of iceblast (12)
Scrolls
 e - 3 scrolls of teleportation {unknown}
 f - a scroll of enchant armour {unknown}
 g - 2 scrolls of immolation {unknown}
 i - a scroll of blinking {unknown}
 k - 3 scrolls of identify
 p - a scroll of acquirement {unknown}
 q - a scroll of torment {unknown}
 v - a scroll of silence {unknown}
 w - a scroll of vulnerability {unknown}
 y - a scroll of fog {unknown}
Potions
 d - a potion of might
 h - 4 potions of invisibility
 j - a potion of lignification {unknown}
 l - a potion of attraction {unknown}
 n - 2 potions of mutation
 r - 2 potions of degeneration {unknown}
 s - a potion of berserk rage {unknown}
 z - 2 potions of curing {unknown}
 A - 2 potions of magic


   Skills:
 - Level 3.2 Fighting
 + Level 6.5 Axes
 - Level 2.6 Armour
 - Level 4.0 Shields


You had 6 spell levels left.
You didn't know any spells.
Your spell library contained the following spells:

 Spells                   Type           Power      Damage    Failure   Level
 Volatile Blastmotes      Fire/Tloc      0%         2d10      100%        3
 Fulminant Prism          Conj/Hex       0%         3d5       100%        4
 Iskenderun's Mystic Bla  Conj/Tloc      0%         2d3       100%        4
 Petrify                  Tmut/Erth      0%         N/A       100%        4
 Irradiate                Conj/Tmut      0%         3d11      100%        5
 Sublimation of Blood     Necr           Unusable   N/A       N/A         2

Dungeon Overview and Level Annotations

Branches:
Dungeon (5/15)              Sewer (visited)
 Temple: D:4-7

Altars:
Vehumet
Wu Jian

Annotations:
D:5 Ijyb


Innate Abilities, Weirdness & Mutations

You are immune to poison.
You have sharp fingernails.
Your flesh is cold resistant. (rC+)
You are immune to negative energy. (rN+++)
You do not regenerate when monsters are visible.
You are immune to unholy pain and torment.
You thrive by killing the living.


Message History

Ijyb is lightly wounded.
Ijyb zaps a wand.
You block the puff of flame.
You barely miss Ijyb.
Ijyb is lightly wounded.
Ijyb zaps a wand.
The puff of flame hits you!
You slash Ijyb!
Ijyb is severely wounded.
Ijyb zaps a wand.
The puff of flame hits you! Ijyb hits you with a +0 dagger.
You hit Ijyb but do no damage.
Ijyb is severely wounded.
Ijyb completely misses you.
You closely miss Ijyb.
Ijyb is severely wounded.
Ijyb hits you with a +0 dagger.
You closely miss Ijyb.
Ijyb is severely wounded.
Ijyb zaps a wand.
The puff of flame hits you.
You are too injured to fight recklessly!
You are too injured to fight recklessly!
You are too injured to fight recklessly!
You hit Ijyb.
Ijyb is severely wounded.
Ijyb hits you but does no damage. Ijyb hits you with a +0 dagger.
You closely miss Ijyb.
Ijyb is severely wounded.
Ijyb zaps a wand.
The puff of flame hits you.
You slash Ijyb!
Ijyb is almost dead.
Ijyb hits you but does no damage.
You closely miss Ijyb.
Ijyb is almost dead.
Ijyb hits you with a +0 dagger.
You hit Ijyb but do no damage.
Ijyb is almost dead.
Ijyb hits you with a +0 dagger.
* * * LOW HITPOINT WARNING * * *
You barely miss Ijyb.
Ijyb is almost dead.
Ijyb zaps a wand.
The puff of flame hits you!
You die...

#........(...#
#.######.....# #.#
##...## #.# ###..###
#.# ##...# #.# #...#
#.# #...### #g# ###....
##.###@############....
#......................
##.####......##########
#......# #......#
#......# #......#
#####+##


You could see Ijyb.

Vanquished Creatures
  A black bear (D:4)
  2 scorpions
  A hound (D:3)
  A hell rat (Sewer)
  3 iguanas
  10 adders
  4 river rats
  A worm (D:4)
  4 dart slugs
  7 orcs (D:3)
  5 bats
  8 endoplasms
  3 giant cockroaches
  7 goblins
  9 hobgoblins
  4 jackals (D:2)
  6 quokkas
  7 ball pythons
  A frilled lizard (D:1)
  8 kobolds
  8 rats
100 creatures vanquished.

Notes
Turn   | Place    | Note
-------+----------+-------------------------------------------
     0 | D:1      | MacCMillion the Ghoul Fighter began the quest for the Orb.
     0 | D:1      | Reached XP level 1. HP: 19/19 MP: 0/0
    84 | D:1      | Reached skill level 2 in Axes
   104 | D:1      | Found a faded altar of an unknown god.
   142 | D:1      | Reached XP level 2. HP: 26/26 MP: 1/1
   785 | D:1      | Reached XP level 3. HP: 31/31 MP: 2/2
  1403 | D:2      | Reached skill level 3 in Axes
  1403 | D:2      | Reached XP level 4. HP: 30/38 MP: 3/3
  2333 | D:3      | Reached XP level 5. HP: 45/45 MP: 4/4
  2809 | D:3      | Reached skill level 4 in Axes
  2847 | D:3      | Found a radiant altar of Vehumet.
  2977 | D:4      | Noticed a black bear
  3052 | D:4      | Killed a black bear
  3053 | D:4      | Reached XP level 6. HP: 45/51 MP: 5/5
  3148 | D:4      | Reached skill level 5 in Axes
  3172 | D:4      | Found a glowing drain.
  3185 | Sewer    | Entered a sewer
  3708 | D:4      | Reached XP level 7. HP: 56/57 MP: 6/6
  3710 | D:4      | Reached skill level 6 in Axes
  3797 | D:4      | Found an ornate altar of the Wu Jian Council.
  4007 | D:5      | Entered Level 5 of the Dungeon
  4060 | D:5      | Identified the +4 ring mail "Mink" {rC- Str+4 Int+3 Dex+3}
  4103 | D:5      | Noticed Ijyb
  4119 | D:5      | Killed from afar by Ijyb

Illustrated notes

Levels and vault maps discovered:
D:1:      dpeg_arrival_pits, layout_loops_corners, basic_ecumenical_altar
D:2:      layout_basic, serial_co_window_serial, co_window_paths_a,
          co_window_paths_b, co_window_corner_a, co_window_corner_a,
          co_window_corner_a, co_window_of_opportunity_b, co_window_broadway_c,
          co_window_corner_ca, co_window_2corner, co_window_paths_c,
          co_window_paths_d, co_window_paths_e
D:3:      layout_basic, general_overflow_altar
D:4:      layout_rooms, mainiacjoe_overflow_tiny_flanked, portal_sewer_entry_b,
          minmay_checkerbox
D:5:      minmay_octagon_keep, layout_basic,
          nicolae_overflow_hallway_of_the_gods, kennysheep_little_box,
          uniq_ijyb, uniq_menkaure

Skill      XL: |  1  2  3  4  5  6  7 |
---------------+----------------------+-----
Axes           | 2 3 4 5 6 |  6.5
Shields        | 3 4 |  4.0
Fighting       | |  3.2
Armour         | |  2.6

Action                     |  1- 3 |  4- 6 |  7- 9 || total
---------------------------+-------+-------+-------++-------
  Melee: War axe           |   113 |   164 |    57 ||   334
    Use: Scroll            |       |     3 |       ||     3
 Armour: Scale mail        |    90 |    32 |       ||   122
         Plate armour      |       |   117 |    52 ||   169
  Dodge: Dodged            |    69 |    76 |    12 ||   157
  Block: Buckler           |    18 |    36 |     6 ||    60

Table legend: (Time is in decaauts)
 A = Elapsed time spent in this place.
 B = Non-inter-level travel time spent in this place.
 C = Inter-level travel time spent in this place.
 D = Time resting spent in this place.
 E = Time spent auto-exploring this place.
 F = Levels seen in this place.
 G = Mean time per level.
                   A        B        C        D        E       F      G
               +--------+--------+--------+--------+--------+-----+--------+
         Total |   4241 |   4051 |    190 |    372 |   2686 |   6 |  706.8 |
       Dungeon |   3754 |   3564 |    190 |      0 |   2671 |   5 |  750.8 |
         Sewer |    486 |    486 |      0 |    372 |     15 |   1 |  486.0 |
               +--------+--------+--------+--------+--------+-----+--------+

Top non-repeatable levels by time:
     D:2: 1090 daAuts
     D:3: 1029 daAuts
     D:1: 979 daAuts
     D:4: 538 daAuts
   Sewer: 486 daAuts
     D:5: 117 daAuts
